 Dungeon Crawl Stone Soup version 0.32-a0-995-gb4a59205af (webtiles) character file.

Game seed: 2490048110425859648

50 GiantSquids the Ruffian (level 3, -8/26 HPs)
             Began as an Octopode Cinder Acolyte on Apr 23, 2024.
             Was a High Priest of Ignis.
             Mangled by a gnoll
             ... wielding a +0 flail
              (12 damage)
             ... on level 2 of the Dungeon.
             The game lasted 00:01:53 (1254 turns).

GiantSquids the Ruffian (Octopode Cinder Acolyte)   Turns: 1254, Time: 00:01:54

Health: -8/26      AC:  1    Str: 21    XL:     3   Next: 79%
Magic:  4/4        EV: 11    Int: 16    God:    Ignis [*****.]
Gold:   52         SH:  0    Dex:  7    Spells: 4/4 levels left

rFire   + .          .
                       - Unarmed
rCold   . . .        (no shield)
rNeg    . . .        (helmet restricted)
rPois   .            (no amulet)
rElec   .            h - +6 ring of strength
rCorr   .            (no ring)
SInv    .            (no ring)
Will    .....        (no ring)
Stlth   +++          (no ring)
HPRegen 0.24/turn    (no ring)
MPRegen 0.09/turn    (no ring)
                     (no ring)

%: no passive effects
@: no status effects
A: almost no armour, amphibious, 8 rings, camouflage 1, gelatinous body 1,
(nimble swimmer 1), tentacles
a: Renounce Religion, Fiery Armour, Foxfire Swarm, Rising Flame


You were on level 2 of the Dungeon.
You worshipped Ignis.
Ignis was extremely pleased with you.
You visited 1 branch of the dungeon, and saw 2 of its levels.

You collected 52 gold pieces.

Inventory:

Jewellery
 h - a +6 ring of strength (left tentacle)
 j - a ring of ice
Scrolls
 a - a scroll of blinking {unknown}
 c - 4 scrolls of identify {unknown}
 e - a scroll of teleportation {unknown}
 g - 2 scrolls of enchant weapon {unknown}
 i - a scroll of revelation {unknown}
Potions
 b - a potion of attraction {unknown}
 d - a potion of brilliance {unknown}
 f - a potion of magic {unknown}


   Skills:
 - Level 3.0 Fighting
 + Level 2.6 Stealth
 * Level 4.1 Unarmed Combat
 - Level 1.0 Spellcasting
 - Level 3.0 Fire Magic


You had 4 spell levels left.
You didn't know any spells.
Your spell library contained the following spells:

 Spells                   Type           Power      Damage    Failure   Level
 Scorch                   Fire           20%        2d5       10%         2


Dungeon Overview and Level Annotations

Branches:
Dungeon (2/15)

Altars:


Innate Abilities, Weirdness & Mutations

You cannot wear most types of armour.
You are amphibious.
You can wear up to eight rings at the same time.
Your skin changes colour to match your surroundings (Stealth+).
Your rubbery body absorbs attacks. (AC +1, EV +1)
((You are camouflaged when in or above water. (Stealth+)))
You have tentacles for arms and can constrict up to eight enemies at once.


Message History

You now have 52 gold pieces (gained 10).
c - 4 scrolls labelled XUDED QUJYDYGE (gained 1)
j - a ring of ice A frilled lizard comes into view.
A frilled lizard is nearby!
You closely miss the frilled lizard. Your grab misses the frilled lizard.
The frilled lizard closely misses you.
You closely miss the frilled lizard. Your grab misses the frilled lizard.
The frilled lizard misses you.
You barely miss the frilled lizard. Your grab misses the frilled lizard.
The frilled lizard bites you.
A frilled lizard is nearby!
You tentacle-slap the frilled lizard.
You kill the frilled lizard!
No target in view!
No target in view!
No target in view!
A gnoll comes into view.
It is wielding a +0 whip and quivering a throwing net.
A gnoll is nearby!
The gnoll shouts!
A gnoll comes into view. It is wielding a +0 spear.
The gnoll throws a throwing net.
The throwing net hits you.
You become entangled in the net!
You see here a throwing net.
You are held in a net!
You struggle against the net.
You struggle against the net.
A gnoll comes into view. It is wielding a +0 flail.
You struggle against the net.
You shred the net and break free! The gnoll barely misses you.
You tentacle-slap the gnoll. Your grab misses the gnoll. You squeeze the gnoll!
You kill the gnoll!
The gnoll closely misses you. The gnoll hits you with a +0 flail!
The gnoll hits you with a +0 spear.
You closely miss the gnoll. Your grab misses the gnoll.
The gnoll hits you with a +0 spear!
* * * LOW HITPOINT WARNING * * *
The gnoll hits you with a +0 flail!
You die...
Ignis goes out, and joins you in death.

#..#..###############.#
...#..................## ####
..#...#######.........#####...
..#...# #............>......
#.#...# #.................#
####.#...# #...#######.......+
...#.#...#####...# #.......##
............##.g.########.+###...
...............g@.?..............
.###....#.....##)......#.#.#.#...
##÷##..........+...............#.
#...#..........#......#.#.#.#.#..
##'####........#.................
#†..# #...... ####..#.#.#.#.#.#.
†)..+ #..........†..............
#...# ##..# ##......#.#.#.#.#.#.#
##'####...####................ ..


You could see 2 gnolls.

Vanquished Creatures
  A gnoll (D:2)
  A dart slug (D:1)
  3 ball pythons (D:1)
  A bat (D:1)
  An endoplasm (D:2)
  2 giant cockroaches (D:1)
  A goblin (D:2)
  10 hobgoblins
  6 quokkas (D:1)
  2 frilled lizards (D:2)
  3 kobolds (D:1)
  A rat (D:1)
32 creatures vanquished.

Notes
Turn   | Place    | Note
-------+----------+-------------------------------------------
     0 | D:1      | GiantSquids the Octopode Cinder Acolyte began the quest for
                  | the Orb.
     0 | D:1      | Reached XP level 1. HP: 16/16 MP: 2/2
   174 | D:1      | Reached skill level 1 in Stealth
   374 | D:1      | Reached XP level 2. HP: 18/21 MP: 3/3
   594 | D:1      | Found a faded altar of an unknown god.
   908 | D:1      | Reached XP level 3. HP: 22/26 MP: 4/4
  1074 | D:2      | Reached skill level 4 in Unarmed Combat
  1254 | D:2      | Mangled by a gnoll

Illustrated notes

Levels and vault maps discovered:
D:1:      minmay_arrival_cross, layout_basic,
          hellmonk_ecumenical_altar_heavens_door, minmay_misc_feat_encased
D:2:      cheibrodos_greedy_goblins, layout_basic, hex_medium

Skill      XL: |  1  2  3 |
---------------+----------+-----
Stealth        | 1 2 |  2.6
Unarmed Combat | 4 |  4.1
Fighting       | |  3.0
Spellcasting   | |  1.0
Fire Magic     | |  3.0

Action                     || total
---------------------------++-------
  Melee: Unarmed           ||    62
         Constrict         ||    18
         Tentacles         ||    10
   Stab: Sleeping          ||    10
 Armour: Skin              ||    31
  Dodge: Dodged            ||    24

Table legend: (Time is in decaauts)
 A = Elapsed time spent in this place.
 B = Non-inter-level travel time spent in this place.
 C = Inter-level travel time spent in this place.
 D = Time resting spent in this place.
 E = Time spent auto-exploring this place.
 F = Levels seen in this place.
 G = Mean time per level.
                   A        B        C        D        E       F      G
               +--------+--------+--------+--------+--------+-----+--------+
         Total |   1248 |   1207 |     41 |      0 |   1027 |   2 |  624.0 |
       Dungeon |   1248 |   1207 |     41 |      0 |   1027 |   2 |  624.0 |
               +--------+--------+--------+--------+--------+-----+--------+

Top non-repeatable levels by time:
     D:1: 1015 daAuts
     D:2: 232 daAuts
